 Dungeon Crawl Stone Soup version 0.28-a0-2-g643f2454ad (webtiles) character file.

Game seed: 1249147792163852831

2622 siradein the Arsonist (level 9, -11/57 HPs)
             Began as a Demonspawn Fire Elementalist on July 23, 2021.
             Was an Initiate of Kikubaaqudgha.
             Collided with some deep water (20 damage)
             ... caused by a swamp worm
             ... on level 7 of the Dungeon.
             The game lasted 00:37:21 (8563 turns).

siradein the Arsonist (DsFE)                        Turns: 8563, Time: 00:37:23

Health: -11/57     AC:  8    Str:  8    XL:     9   Next: 34%
Magic:  12/20      EV: 11    Int: 26    God:    Kikubaaqudgha [......]
Gold:   267        SH:  3    Dex: 14    Spells: 4/23 levels left

rFire   . . .      SeeInvis .   u - +1 flail (protect)
rCold   . . .      Faith    .   n - +0 buckler
rNeg    . . .      Spirit   .   a - +0 robe
rPois   .          Reflect  .   (no helmet)
rElec   .          Harm     .   (no cloak)
rCorr   .          Rampage  .   (no gloves)
Will    .....                   (no boots)
Stlth   +.........              i - amulet of regeneration
HPRegen 1.19/turn               c - ring of wizardry
MPRegen 0.17/turn               v - +6 ring of intelligence

@: sanguine armoured, very slow
A: talons 1, foul stench 1, sanguine armour 1
a: Renounce Religion


You were on level 7 of the Dungeon.
You worshipped Kikubaaqudgha.
Kikubaaqudgha was noncommittal.
You visited 2 branches of the dungeon, and saw 8 of its levels.
You also visited: Sewer.

You collected 267 gold pieces.

Inventory:

Hand Weapons
 u - a +1 flail of protection (weapon)
Armour
 a - a +0 robe (worn)
 n - a +0 buckler (worn)
Jewellery
 c - a ring of wizardry (left hand)
 i - an amulet of regeneration (around neck)
 v - a +6 ring of intelligence (right hand)
Wands
 y - a wand of flame (16)
Scrolls
 b - 4 scrolls of amnesia {unknown}
 e - 7 scrolls of identify {unknown}
 f - 2 scrolls of noise {unknown}
 g - 3 scrolls of teleportation {unknown}
 k - a scroll of torment {unknown}
 l - a scroll of blinking {unknown}
 o - a scroll of fog {unknown}
 p - 2 scrolls of enchant armour {unknown}
 s - 2 scrolls of holy word {unknown}
 t - 2 scrolls of magic mapping {unknown}
 z - a scroll of silence {unknown}
 B - 3 scrolls of fear {unknown}
Potions
 d - a potion of ambrosia {unknown}
 h - 3 potions of heal wounds {unknown}
 j - 2 potions of degeneration {unknown}
 m - 2 potions of cancellation {unknown}
 q - a potion of haste {unknown}
 r - 4 potions of mutation {unknown}
 w - 3 potions of resistance {unknown}
 x - a potion of flight {unknown}
 A - 2 potions of brilliance {unknown}
 C - 2 potions of invisibility {unknown}
 D - 2 potions of curing {unknown}
 E - a potion of attraction {unknown}


   Skills:
 - Level 1.7 Dodging
 - Level 1.7 Stealth
 + Level 7.6 Spellcasting
 - Level 1.0 Conjurations
 + Level 0.4 Hexes
 + Level 0.5 Necromancy
 + Level 9.4 Fire Magic


You had 4 spell levels left.
You knew the following spells:

 Your Spells              Type           Power      Damage    Failure   Level
a - Foxfire               Conj/Fire      100%       2x1d9     1%          1
b - Conjure Flame         Conj/Fire      37%        6-21      1%          3
c - Inner Flame           Hex/Fire       35%        N/A       1%          3
d - Sticky Flame          Conj/Fire      37%        2d6       4%          4
e - Fireball              Conj/Fire      18%        3d9       12%         5
f - Tukima's Dance        Hex            12%        N/A       10%         3

Your spell library contained the following spells:

 Spells                   Type           Power      Damage    Failure   Level
 Corona                   Hex            13%        N/A       3%          1
 Freeze                   Ice            36%        1d6       4%          1
 Ensorcelled Hibernation  Hex/Ice        22%        N/A       6%          2
 Frozen Ramparts          Ice            18%        1d3       12%         3
 Hailstorm                Conj/Ice       12%        3d5       30%         4


Dungeon Overview and Level Annotations

Branches:
Dungeon (7/15)             Temple (1/1) D:6           Sewer (visited)

Altars:
Ashenzari
Cheibriados
Dithmenos
Elyvilon
Fedhas
Gozag
Hepliaklqana
Kikubaaqudgha
Makhleb
Nemelex Xobeh
Okawaru
Qazlal
Ru
Sif Muna
Trog
Uskayaw
Vehumet
Xom
Yredelemnul
Zin
The Shining One

Shops:
D:1 ?   D:5 [


Innate Abilities, Weirdness & Mutations

You have sharp toenails.
You may rarely emit foul miasma when damaged in melee.
When seriously injured, your bleeding wounds create armour. (AC +6)


Message History

You're standing in a cloud of steam!
You're standing in a cloud of steam!
You're standing in a cloud of steam!
You're standing in a cloud of steam!
You're standing in a cloud of steam!
A swamp worm comes into view.
Casting: Foxfire (safe; 1% risk of failure)
Confirm with . or Enter, or press ? or * to list all spells.
Aiming: Inner Flame (safe; 1% risk of failure)
Press: ? - help, Shift-Dir - straight line, f - swamp worm
Aim: a swamp worm (water, wandering, hasn't noticed you, chance to affect: 92%)
The swamp worm is filled with an inner flame.
The swamp worm fires a harpoon shot at you.
The harpoon shot hits you!
You are yanked forward by the harpoon shot.
You violently stop moving!
Your blood congeals into armour.
Splash!
Casting: Foxfire (safe; 1% risk of failure)
Press: ? - help, Q - select action, (/) - cycle Dir - look around, f - activate You conjure some foxfire!
The swamp worm fires a harpoon shot at you.
The harpoon shot hits you!
You are yanked forward by the harpoon shot.
You violently stop moving!
* * * LOW HITPOINT WARNING * * *
Splash!
The foxfire hits the swamp worm.
Flame seeps out of the swamp worm.
The swamp worm is lightly wounded.
The foxfire hits the swamp worm.
Flame seeps out of the swamp worm.
The swamp worm is lightly wounded.
The swamp worm is engulfed in blazing flames.
Flame seeps out of the swamp worm.
A swamp worm comes into view.
The swamp worm fires a harpoon shot at you.
The harpoon shot hits you.
* * * LOW HITPOINT WARNING * * *
You are yanked forward by the harpoon shot.
You violently stop moving!
You die...
Kikubaaqudgha rasps: "You have failed me!
Welcome... death!"

..# #.# ≈≈≈.# #.# #
#§≈.# #.# #≈ #≈≈#
#.. #≈≈ ##≈≈# #.##
#≈w○## ###≈≈≈# #..
#≈≈w§###≈≈≈≈.# #.#
#≈§§§§≈≈##.# #.#
#.≈§@≈≈....#######.#
#.......##.......<.#
##################.#
###


You could see 2 swamp worms.

Vanquished Creatures
  A water moccasin (D:5)
  An ice beast (D:6)
  3 black bears (D:5)
  2 ogres
  2 necrophages (D:6)
  2 centaurs
  A sky beast (D:6)
  3 phantoms
  2 kobold brigands (Sewer)
  Blork the orc (D:5)
  A bullfrog (D:4)
  2 scorpions
  A water moccasin skeleton (D:5)
  3 wights (D:4)
  A bullfrog skeleton (D:6)
  A centaur skeleton (D:6)
  4 hounds
  2 jellies (D:6)
  5 orc wizards
  5 gnolls
  15 adders
  A howler monkey skeleton (D:5)
  9 river rats (Sewer)
  5 worms
  3 dart slugs
  7 orcs
  5 endoplasms
  6 giant cockroaches
  4 goblins
  5 hobgoblins
  8 jackals
  17 kobolds
  6 quokkas
  5 ball pythons
  8 bats
  6 frilled lizards
  21 rats
174 creatures vanquished.

Vanquished Creatures (others)
  An orc wizard (D:3)
  423 foxfires
  4 plants (D:7)
428 creatures vanquished.

Grand Total: 602 creatures vanquished

Notes
Turn   | Place    | Note
-------+----------+-------------------------------------------
     0 | D:1      | siradein the Demonspawn Fire Elementalist began the quest
                  | for the Orb.
     0 | D:1      | Reached XP level 1. HP: 13/13 MP: 3/3
   361 | D:1      | Found Ipoonues's Magic Scroll Shoppe.
   490 | D:1      | Reached skill level 3 in Fire Magic
   520 | D:1      | Gained mutation: When seriously injured, your bleeding
                  | wounds create armour. (AC +6) [demonic ancestry]
   520 | D:1      | Reached XP level 2. HP: 5/19 MP: 0/5
  1218 | D:1      | Reached XP level 3. HP: 24/24 MP: 3/6
  1404 | D:1      | Reached skill level 4 in Fire Magic
  1790 | D:2      | Learned a level 3 spell: Conjure Flame
  1845 | D:2      | Reached XP level 4. HP: 30/30 MP: 5/7
  2424 | D:2      | Learned a level 3 spell: Inner Flame
  2547 | D:3      | Reached skill level 5 in Fire Magic
  2636 | D:3      | Found a snail-covered altar of Cheibriados.
  2637 | D:3      | Found a radiant altar of Vehumet.
  2794 | D:3      | Found a faded altar of an unknown god.
  3850 | D:3      | Found a shimmering blue altar of Sif Muna.
  3860 | D:3      | Gained mutation: You have sharp toenails. [demonic
                  | ancestry]
  3860 | D:3      | Reached XP level 5. HP: 35/35 MP: 5/8
  4448 | D:4      | Reached skill level 6 in Fire Magic
  4448 | D:4      | Reached XP level 6. HP: 41/41 MP: 2/9
  5007 | D:4      | Found a sparkling altar of Nemelex Xobeh.
  5412 | D:5      | Entered Level 5 of the Dungeon
  5483 | D:5      | Gained mutation: You may rarely emit foul miasma when
                  | damaged in melee. [demonic ancestry]
  5483 | D:5      | Reached XP level 7. HP: 41/46 MP: 8/12
  5566 | D:5      | Reached skill level 7 in Fire Magic
  6000 | D:5      | Reached skill level 5 in Spellcasting
  6045 | D:5      | Found Niysch's Armour Boutique.
  6088 | D:5      | Reached XP level 8. HP: 52/52 MP: 9/15
  6170 | D:5      | Noticed Blork the orc
  6176 | D:5      | Killed Blork the orc
  6472 | D:5      | Reached skill level 8 in Fire Magic
  6767 | D:6      | Found a glowing drain.
  6797 | Sewer    | Entered a sewer
  7660 | D:6      | Reached skill level 9 in Fire Magic
  7660 | D:6      | Reached XP level 9. HP: 53/57 MP: 12/19
  7742 | D:6      | Found an iron altar of Okawaru.
  8285 | D:6      | Found a staircase to the Ecumenical Temple.
  8305 | D:6      | Found a hide-covered altar of Uskayaw.
  8361 | D:6      | Learned a level 4 spell: Sticky Flame
  8367 | D:6      | Learned a level 5 spell: Fireball
  8371 | D:6      | Learned a level 3 spell: Tukima's Dance
  8396 | Temple   | Entered the Ecumenical Temple
  8464 | Temple   | Became a worshipper of Kikubaaqudgha
  8563 | D:7      | Collided with some deep water

Illustrated notes

Levels and vault maps discovered:
D:1:      lemuel_arrival_tunnels, layout_loops_corners, serial_shops,
          shop_statue
D:2:      layout_rooms, grunt_ministairs_5
D:3:      layout_loops_corners, kennysheep_orc_sif_temple,
          grunt_temple_overflow_open, ebering_ecumenical_altar_hall,
          st_stairs_8, minmay_statues_item
D:4:      layout_gridville, nemelex_dance_club_becter, st_stairs_10
D:5:      black_bear_nest_1, layout_loops_ring, serial_shops, shop_statue,
          uniq_blork_the_orc
D:6:      layout_gridville, eat_drink_and_be_merry_uskayaw,
          kennysheep_okawaru_gauntlet, temple_fountains,
          cheibrodos_sewer_entry_bend
D:7:      layout_basic, worms_lemuel
Temple:   jpeg_temple_clearing

Skill      XL: |  1  2  3  4  5  6  7  8 |
---------------+-------------------------+-----
Fire Magic     | 3 4 5 6 7 9 |  9.4
Spellcasting   | 3 5 7 |  7.6
Dodging        | |  1.7
Stealth        | |  1.7
Conjurations   | |  1.0
Hexes          | |  0.4
Necromancy     | |  0.5

Action                   |  1- 3 |  4- 6 |  7- 9 || total
-------------------------+-------+-------+-------++-------
Melee: Unarmed           |       |     2 |       ||     2
       Short sword       |       |     4 |       ||     4
       Flail             |       |       |   108 ||   108
       Kick              |       |       |    16 ||    16
 Cast: Foxfire           |    58 |    95 |   105 ||   258
       Inner Flame       |       |    13 |    36 ||    49
       Conjure Flame     |       |     1 |     5 ||     6
Armor: Robe              |    10 |     6 |    57 ||    73
Dodge: Dodged            |    30 |    16 |    98 ||   144
Block: Buckler           |       |     5 |    36 ||    41

Table legend: (Time is in decaauts)
 A = Elapsed time spent in this place.
 B = Non-inter-level travel time spent in this place.
 C = Inter-level travel time spent in this place.
 D = Time resting spent in this place.
 E = Time spent auto-exploring this place.
 F = Levels seen in this place.
 G = Mean time per level.
                   A        B        C        D        E       F      G
               +--------+--------+--------+--------+--------+-----+--------+
         Total |   8634 |   8405 |    229 |    148 |   6488 |   9 |  959.3 |
       Dungeon |   7778 |   7550 |    228 |    148 |   5950 |   7 | 1111.1 |
        Temple |     84 |     84 |      0 |      0 |     66 |   1 |   84.0 |
         Sewer |    771 |    771 |      0 |      0 |    471 |   1 |  771.0 |
               +--------+--------+--------+--------+--------+-----+--------+

Top non-repeatable levels by time:
     D:3: 1707 daAuts
     D:1: 1628 daAuts
     D:5: 1298 daAuts
     D:4: 1272 daAuts
     D:6: 1007 daAuts
     D:2: 808 daAuts
   Sewer: 771 daAuts
  Temple: 84 daAuts
     D:7: 55 daAuts
